 Dungeon Crawl Stone Soup version 0.29.1 (webtiles) character file.

Game seed: 14990794911483557767

1024 qw the Chopper (level 8, -1/49 HPs)
             Began as a Gargoyle Fighter on Sept 13, 2022.
             Slain by a wight
             ... wielding a +5 great sword
              (11 damage)
             ... on level 6 of the Dungeon.
             The game lasted 00:01:33 (4661 turns).

qw the Chopper (Gargoyle Fighter)                   Turns: 4661, Time: 00:01:34

Health: -1/49      AC: 14    Str: 23    XL:     8   Next: 22%
Magic:  8/8        EV:  9    Int:  8    God:
Gold:   298        SH:  4    Dex:  9    Spells: 7/7 levels left

rFire   . . .      SeeInvis .   Y - +3 war axe
rCold   . . .      Faith    .   c - +0 buckler
rNeg    + . .      Spirit   .   b - +0 scale mail
rPois   inf        Reflect  .   (no helmet)
rElec   +          Harm     .   i - +0 cloak
rCorr   .          Rampage  .   (no gloves)
Will    .....                   m - +0 pair of boots
Stlth   ..........              a - amulet of regeneration
HPRegen 0.96/turn               (no ring)
MPRegen 0.11/turn               (no ring)

@: about to teleport
A: sickness immunity, AC +5, negative energy resistance 1, electricity
resistance, torment resistance 1, petrification resistance
a: no special abilities


You were on level 6 of the Dungeon.
You visited 2 branches of the dungeon, and saw 7 of its levels.

You collected 298 gold pieces.


Innate Abilities, Weirdness & Mutations

You are immune to sickness and miasma.
Your stone body is resilient. (AC +5)
You are immune to poison.
You resist negative energy. (rN+)
You are resistant to electric shocks. (rElec)
You are resistant to unholy torment.
You are immune to petrification.


   Skills:
 - Level 5.0 Fighting
 + Level 7.8 Axes
 - Level 3.2 Armour
 - Level 1.6 Dodging
 - Level 3.2 Shields


You had 7 spell levels left.
You didn't know any spells.
Your spell library was empty.

Inventory:

Hand Weapons
 q - a +0 flail
 Y - a +3 war axe (weapon)
Armour
 b - a +0 scale mail (worn)
 c - a +0 buckler (worn)
 i - a +0 cloak (worn)
 m - a +0 pair of boots (worn)
Jewellery
 a - an amulet of regeneration (around neck)
Scrolls
 f - a scroll of vulnerability {unknown}
 k - a scroll of identify
Potions
 d - 3 potions of might
 e - a potion of haste
 l - a potion of curing
 n - a potion of attraction {unknown}

Dungeon Overview and Level Annotations

Branches:
Dungeon (6/15)             Temple (1/1) D:5

Altars:
Cheibriados
Dithmenos
Gozag
Hepliaklqana
Makhleb
Nemelex Xobeh
Ru
Vehumet
Wu Jian
Xom
Zin

Shops:
D:4 *


Message History

The orc priest is severely wounded.
You block the orc priest's attack.
You slash the orc priest!
You kill the orc priest!
You hit the white imp.
The white imp is lightly wounded.
You hit the orc. You block the orc's attack.
The white imp hits you but does no damage.
The orc hits you but does no damage.
The white imp hits you but does no damage.
You hit the orc.
You kill the orc!
You hit the wight but do no damage. You barely miss the white imp.
You block the white imp's attack. The wight closely misses you.
You slash the white imp!
You kill the white imp!
You slash the wight! The wight closely misses you.
You hit the wight.
The wight is almost destroyed.
The wight barely misses you.
You hit the wight.
The wight is almost destroyed.
The wight barely misses you.
You closely miss the wight.
The wight is almost destroyed.
The wight closely misses you.
You barely miss the wight.
The wight is almost destroyed.
The wight hits you with a +5 great sword!
The wight hits you with a +5 great sword.
You barely miss the wight.
The wight is almost destroyed.
The wight hits you with a +5 great sword!
4661 ||| READING scroll of teleportation.
As you read the scroll of teleportation, it crumbles to dust.
You feel strangely unstable.
The wight hits you with a +5 great sword!
You die...

#.# #.# ##.##
... . .....
#.#.# #)#.#
##.####@#.#
........z.#
...####...#
#...# ...###...#
z5.....)).######
.##.####........
#.# #.###.#.. #.
.# #.# #.# ..


You could see a wight.

Vanquished Creatures
  A black bear (D:4)
  A phantom (D:3)
  A necrophage (D:5)
  A scorpion (D:5)
  3 wights (D:6)
  A jelly (D:3)
  5 hounds
  4 orc priests
  Jessica (D:3)
  3 iguanas
  An orc wizard (D:5)
  7 adders
  2 white imps
  2 ufetubi
  A worm (D:3)
  4 dart slugs
  5 orcs
  5 ball pythons
  6 endoplasms
  4 giant cockroaches
  5 goblins
  5 hobgoblins
  3 jackals (D:5)
  7 quokkas
  5 bats
  2 frilled lizards (D:2)
  5 kobolds
  4 rats
94 creatures vanquished.

Vanquished Creatures (others)
  8 plants (D:3)
8 creatures vanquished.

Grand Total: 102 creatures vanquished

Notes
Turn   | Place    | Note
-------+----------+-------------------------------------------
     0 | D:1      | qw the Gargoyle Fighter began the quest for the Orb.
     0 | D:1      | Reached XP level 1. HP: 14/14 MP: 1/1
     0 | D:1      | 0 ||| qw: Version: 0.1-a-119-g272c26d
     0 | D:1      | 0 ||| qw: Game counter: 11274
     0 | D:1      | 0 ||| qw: Always use a shield: true
     0 | D:1      | 0 ||| qw: God list: Okawaru
     0 | D:1      | 0 ||| qw: Allow faded altars: false
     0 | D:1      | 0 ||| qw: Do Orc after D:15 true
     0 | D:1      | 0 ||| qw: Do second Lair branch before Depths: true
     0 | D:1      | 0 ||| qw: Lair rune preference: random
     0 | D:1      | 0 ||| qw: Plans: Normal, Zot, God:TSO, Crypt, Tomb, Pan,
                  | Slime, Hells, Zig, Abyss, Orb
     0 | D:1      | 0 ||| PLANNING D:1-11
    18 | D:1      | 18 ||| Stepping ~*~*~tactically~*~*~ (hiding).
    25 | D:1      | Reached skill level 2 in Axes
   277 | D:1      | Reached XP level 2. HP: 19/19 MP: 2/2
   462 | D:1      | 462 ||| Stepping ~*~*~tactically~*~*~ (stealth).
   686 | D:1      | Reached skill level 3 in Axes
   691 | D:1      | Found a faded altar of an unknown god.
   735 | D:1      | 735 ||| Stepping ~*~*~tactically~*~*~ (hiding).
   743 | D:1      | Reached XP level 3. HP: 23/23 MP: 3/3
  1187 | D:1      | 1187 ||| DROPPING amulet of faith.
  1188 | D:1      | 1188 ||| READING scroll labelled QYJAYRR JAEZ.
  1191 | D:1      | 1191 ||| READING 2 scrolls labelled CEJARR MIETZ.
  1192 | D:1      | 1192 ||| READING scroll of enchant weapon.
  1192 | D:1      | 1192 ||| ENCHANTING +1 war axe.
  1193 | D:1      | 1193 ||| READING 2 scrolls labelled MOFIECROTTA.
  1285 | D:2      | 1285 ||| STAIRDANCE
  1396 | D:2      | 1396 ||| Stepping ~*~*~tactically~*~*~ (stealth).
  1428 | D:2      | 1428 ||| Stepping ~*~*~tactically~*~*~ (stealth).
  1573 | D:2      | 1573 ||| READING scroll of enchant weapon.
  1573 | D:2      | 1573 ||| ENCHANTING +2 war axe.
  1827 | D:2      | 1827 ||| Stepping ~*~*~tactically~*~*~ (stealth).
  2008 | D:2      | 2008 ||| UPGRADING to amulet of regeneration.
  2013 | D:2      | 2013 ||| READING 2 scrolls of identify.
  2013 | D:2      | 2013 ||| IDENTIFYING bubbling dark potion
  2014 | D:2      | 2014 ||| DROPPING potion of berserk rage.
  2076 | D:3      | Reached XP level 4. HP: 28/28 MP: 4/4
  2253 | D:3      | Reached skill level 4 in Axes
  2397 | D:3      | Found a radiant altar of Vehumet.
  2483 | D:3      | Noticed Jessica
  2490 | D:3      | Killed Jessica
  2512 | D:3      | 2512 ||| Stepping ~*~*~tactically~*~*~ (stealth).
  2535 | D:3      | Reached XP level 5. HP: 32/32 MP: 5/5
  2639 | D:3      | Noticed a phantom
  2656 | D:3      | 2656 ||| Stepping ~*~*~tactically~*~*~ (water).
  2657 | D:3      | 2657 ||| Stepping ~*~*~tactically~*~*~ (water).
  2658 | D:3      | Killed a phantom
  2659 | D:3      | Reached skill level 5 in Axes
  2659 | D:3      | Reached XP level 6. HP: 29/37 MP: 6/6
  2815 | D:3      | 2815 ||| UPGRADING to +0 cloak.
  2820 | D:3      | 2820 ||| UPGRADING to +0 pair of boots.
  2825 | D:3      | 2825 ||| READING scroll labelled MEPARU AHISUUM.
  2826 | D:3      | 2826 ||| DRINKING 2 orange potions.
  2889 | D:4      | Found Icatix's Mayhem Merchandise.
  2891 | D:4      | Noticed a black bear
  2904 | D:4      | Killed a black bear
  2997 | D:4      | You fall into a shaft and drop 1 floor!
  2997 | D:5      | Entered Level 5 of the Dungeon
  3055 | D:5      | Reached skill level 1 in Dodging
  3107 | D:5      | 3107 ||| DRINKING 2 murky emerald potions.
  3108 | D:5      | 3108 ||| READING 2 scrolls of identify.
  3108 | D:5      | 3108 ||| IDENTIFYING fuming purple potion
  3109 | D:5      | 3109 ||| DROPPING potion of magic.
  3450 | D:5      | 3450 ||| Stepping ~*~*~tactically~*~*~ (hiding).
  3451 | D:5      | 3451 ||| Stepping ~*~*~tactically~*~*~ (hiding).
  3570 | D:5      | Reached XP level 7. HP: 44/44 MP: 7/7
  3656 | D:5      | Reached skill level 6 in Axes
  3816 | D:5      | Found a staircase to the Ecumenical Temple.
  3817 | D:5      | 3817 ||| PLANNING TEMPLE
  3817 | D:5      | 3817 ||| READING 2 scrolls of identify.
  3817 | D:5      | 3817 ||| IDENTIFYING murky clear potion
  3818 | D:5      | 3818 ||| DROPPING potion of brilliance.
  3827 | Temple   | Entered the Ecumenical Temple
  3970 | Temple   | 3970 ||| PLANNING D:1-11
  4095 | D:5      | Reached skill level 7 in Axes
  4110 | D:5      | 4110 ||| DROPPING +0 club.
  4111 | D:5      | 4111 ||| DROPPING +0 whip.
  4512 | D:5      | 4512 ||| DROPPING amulet of guardian spirit.
  4513 | D:5      | 4513 ||| READING scroll labelled NEORIK OLICUZE.
  4514 | D:5      | 4514 ||| READING scroll labelled BEESOL BUPPOL.
  4515 | D:5      | 4515 ||| READING 2 scrolls of identify.
  4515 | D:5      | 4515 ||| IDENTIFYING glowing black potion
  4516 | D:5      | 4516 ||| DROPPING potion of flight.
  4565 | D:6      | 4565 ||| Stepping ~*~*~tactically~*~*~ (stealth).
  4610 | D:6      | Reached XP level 8. HP: 49/49 MP: 8/8
  4644 | D:6      | 4644 ||| Stepping ~*~*~tactically~*~*~ (hiding).
  4660 | D:6      | HP: 9/49 [wight/+5 great sword (8)]
  4661 | D:6      | 4661 ||| READING scroll of teleportation.
  4661 | D:6      | Slain by a wight

Levels and vault maps discovered:
D:1:      minmay_arrival_wavy_path, layout_loops_corners,
          ebering_ecumenical_altar_sacrificial
D:2:      layout_loops_cross
D:3:      layout_loops_ring, nicolae_vehumet_altar_sigil, grunt_ministairs_5,
          serial_bayou_lagoon_b, uniq_jessica
D:4:      layout_rooms, minmay_shop_mayhem
D:5:      layout_layer_cave, minmay_temple_entry_statues, st_stairs_13
D:6:      layout_loops_ring, gammafunk_ghost_split, nzn_random_ring,
          uniq_duvessa
Temple:   hellmonk_temple_flake

Skill      XL: |  1  2  3  4  5  6  7 |
---------------+----------------------+-----
Axes           | 2 3 4 5 7 |  7.8
Fighting       | 4 5 |  5.0
Dodging        | 1 |  1.6
Armour         | |  3.2
Shields        | |  3.2

Action                   |  1- 3 |  4- 6 |  7- 9 || total
-------------------------+-------+-------+-------++-------
Melee: War axe           |    85 |   103 |    90 ||   278
  Use: Scroll            |     6 |     2 |     5 ||    13
       Potion            |       |     2 |       ||     2
Armor: Scale mail        |    38 |    69 |    37 ||   144
Dodge: Dodged            |    40 |    57 |    29 ||   126
Block: Buckler           |    15 |    28 |    21 ||    64

Table legend:
 A = Non-vault XP
 B = Vault XP
 C = Vault XP percentage of total XP
 D = Non-vault monster count
 E = Vault monster count
 F = Vault count percentage of total count
                 A         B        C        D         E       F
            +---------+---------+-------+---------+---------+-------
      Total |    1368 |      96 |   6.6 |      89 |       5 |   5.3
            +---------+---------+-------+---------+---------+-------
        D:1 |      39 |       0 |   0.0 |      20 |       0 |   0.0
        D:2 |      38 |       0 |   0.0 |      16 |       0 |   0.0
        D:3 |     201 |      44 |  18.0 |      16 |       3 |  15.8
        D:4 |     160 |       0 |   0.0 |       8 |       0 |   0.0
        D:5 |     560 |      52 |   8.5 |      19 |       2 |   9.5
        D:6 |     370 |       0 |   0.0 |      10 |       0 |   0.0
            +---------+---------+-------+---------+---------+-------
